 Dungeon Crawl Stone Soup version 0.17-a0-1647-gb11a595 (webtiles) character file.

28 AlexRAT the Conjurer (level 3, 0/19 HPs)
             Began as a Deep Elf Conjurer on Aug 12, 2015.
             Killed from afar by Natasha (7 damage)
             ... with a magic dart
             ... on level 2 of the Dungeon on July 17, 2023.
             The game lasted 00:03:51 (724 turns).

AlexRAT the Conjurer (Deep Elf Conjurer)             Turns: 724, Time: 00:03:51

Health: 0/19       AC:  3    Str:  5    XL:     3   Next: 0%
Magic:  8/9        EV: 13    Int: 20    God:
Gold:   58         SH:  0    Dex: 15    Spells: 1 memorised, 7 levels left

rFire  . . .     SeeInvis .     d - +0 dagger
rCold  . . .     Clarity  .     a - +0 robe
rNeg   . . .     SustAt   .     (no shield)
rPois  .         Gourm    .     (no helmet)
rElec  .         Spirit   .     f - +0 cloak
rCorr  .         Warding  .     (no gloves)
rMut   .         Stasis   .     (no boots)
MR     .....                    (no amulet)
Stlth  +.........               (no ring)
                                i - ring of loudness (curse)

@: slowed, very slow, not resistant to hostile enchantments, very unstealthy
A: no striking features
a: no special abilities


You were on level 2 of the Dungeon.
You were not hungry.

You visited 1 branch of the dungeon, and saw 2 of its levels.

You collected 58 gold pieces.

Inventory:

Hand weapons
 d - a +0 dagger (weapon)
Armour
 a - a +0 robe (worn)
 f - a +0 cloak (worn)
Jewellery
 i - a cursed ring of loudness (left hand)
Scrolls
 e - a scroll of remove curse {unknown}
 h - a scroll of magic mapping {unknown}
 j - a scroll of identify {unknown}
 l - a scroll of teleportation {unknown}
 o - a scroll of noise {unknown}
Potions
 g - a potion of heal wounds {unknown}
 k - a potion of lignification {unknown}
 n - 2 potions of curing {unknown}
Books
 b - a book of Conjurations

   Spells                             Type                      Level
   a - Magic Dart                     Conjuration                  1
   b - Searing Ray                    Conjuration                  2
   c - Dazzling Spray                 Conjuration/Hexes            3
   d - Fulminant Prism                Conjuration/Hexes            4
   e - Iskenderun's Mystic Blast      Conjuration                  4
   f - Iskenderun's Battlesphere      Conjuration/Charms           5
Comestibles
 c - 2 bread rations
 m - a beef jerky


   Skills:
 - Level 0.1 Fighting
 - Level 2.7 Dodging
 - Level 2.6 Stealth
 * Level 3.3 Spellcasting
 + Level 5.0 Conjurations


You had 7 spell levels left.
You knew the following spells:

 Your Spells              Type           Power        Failure   Level  Hunger
a - Magic Dart            Conj           ###.         1%          1    None


Dungeon Overview and Level Annotations

Branches:
Dungeon (2/15)

Altars:

Annotations:
D:2 Natasha


Message History

Natasha is almost dead.
Natasha drinks a potion.
Natasha flickers and vanishes!
Deactivating autopickup; reactivate with Ctrl-A.
A magic dart appears from out of thin air!
The magic dart hits you!
You feel yourself slow down.
A magic dart appears from out of thin air!
The magic dart hits you!
Natasha appears from thin air!
Reactivating autopickup.
Casting: Magic Dart
Confirm with . or Enter, or press ? or * to list all spells.
Aiming: Magic Dart
Press: ? - help, Shift-Dir - straight line, f/p - Natasha
Aim: Natasha (heavily wounded)
The magic dart hits Natasha.
Natasha is severely wounded.
Natasha casts a spell at you. The magic dart hits you!
You die...

.# #.....# # ###
.####.....# #..
...####.### #.###.#.#
#.# #.##..#.# #.#
#.##.##.# #.# #.......#
#.##### #.......#
#......
#@##.##.####..####
#.##......##..#...
#h#####.#.......##
##.###.#####.####..####
........5...5.# #......
###.####.###### #.#####
#.# ... ..# ... #..#
...#


You could see Natasha and a white imp.

Vanquished Creatures
  A giant gecko (D:1)
  3 giant cockroaches
  2 goblins (D:1)
  5 hobgoblins
  3 jackals (D:1)
  3 bats (D:1)
  2 kobolds (D:1)
  5 rats
24 creatures vanquished.

Notes
Turn   | Place    | Note
--------------------------------------------------------------
     0 | D:1      | AlexRAT the Deep Elf Conjurer began the quest for the Orb.
     0 | D:1      | Reached XP level 1. HP: 10/10 MP: 6/6
   234 | D:1      | Reached XP level 2. HP: 15/15 MP: 2/8
   461 | D:1      | Reached skill level 5 in Conjurations
   671 | D:2      | Reached XP level 3. HP: 15/19 MP: 7/9
   691 | D:2      | Noticed Natasha
   724 | D:2      | Killed from afar by Natasha

Vault maps used:
D:1:      saegor_arrival_miasma
D:2:      cheibriados_altar_1, uniq_natasha

Action                   || total
-------------------------++-------
Melee: Unarmed           ||     4
       Dagger            ||    19
 Cast: Magic Dart        ||    49
